 Dungeon Crawl Stone Soup version 0.24-a0-640-ge7cd8ce796 (webtiles) character file.

Game seed: 863670282155243825, levelgen mode: deterministic

5163 Dexcius the Cleaver (level 10, -4/81 HPs)
             Began as a Minotaur Berserker on Sept 25, 2019.
             Was a High Priest of Trog.
             Slain by a two-headed ogre
             ... wielding a cursed +0 giant spiked club
              (22 damage)
             ... on level 8 of the Dungeon.
             The game lasted 00:22:00 (6356 turns).

Dexcius the Cleaver (Minotaur Berserker)            Turns: 6356, Time: 00:22:00

Health: -4/81      AC: 16    Str: 24    XL:     10   Next: 33%
Magic:  9/9        EV: 10    Int:  4    God:    Trog [*****.]
Gold:   368        SH:  4    Dex: 11    Spells: 9/9 levels left

rFire    + + .     SeeInvis +   j - +0 war axe
rCold    . . .     Gourm    .   (no shield)
rNeg     . . .     Faith    .   q - +2 chain mail {rF+}
rPois    +         Spirit   .   (helmet restricted)
rElec    .         Reflect  .   p - +1 cloak
rCorr    .         Harm     .   (no gloves)
MR       .....     Clarity  +   (no boots)
Stlth    ..........             (no amulet)
HPRegen  0.23/turn              i - ring of poison resistance
MPRegen  0.11/turn              A - ring of protection from fire

@: no status effects
A: retaliatory headbutt, horns 2, large bone plates 1, see invisible, clarity,
frail 1, mutation resistance 1, shaggy fur 1
a: Berserk, Trog's Hand, Brothers in Arms, Renounce Religion


You were on level 8 of the Dungeon.
You worshipped Trog.
Trog was extremely pleased with you.
You were not hungry.

You visited 1 branch of the dungeon, and saw 8 of its levels.
You also visited: Ossuary.

You collected 368 gold pieces.

Inventory:

Hand Weapons
 j - a +0 war axe (weapon)
Armour
 p - a +1 cloak (worn)
 q - a +2 chain mail of fire resistance (worn)
Jewellery
 i - a ring of poison resistance (left hand)
 x - a +2 ring of intelligence
 A - a ring of protection from fire (right hand)
Wands
 a - a wand of acid (9)
 d - a wand of flame (18)
Scrolls
 e - 9 scrolls of teleportation
 g - 8 scrolls of identify
 h - 6 scrolls of remove curse
 k - 2 scrolls of fear
 m - a scroll of magic mapping {unknown}
 n - 3 scrolls of enchant weapon {unknown}
 o - 2 scrolls of enchant armour {unknown}
 r - 2 scrolls of blinking {unknown}
 t - a scroll of random uselessness {unknown}
 u - a scroll of vulnerability {unknown}
 w - a scroll of torment {unknown}
 y - a scroll of fog
Potions
 b - 8 potions of curing
 f - 2 potions of flight
 l - 2 potions of mutation
 s - 3 potions of haste
 v - a potion of heal wounds
 z - a potion of ambrosia {unknown}
Comestibles
 c - 13 rations


   Skills:
 + Level 8.5 Fighting
 + Level 13.3 Axes
 + Level 9.7 Armour
 + Level 3.5 Dodging
 + Level 0.3 Stealth


You had 9 spell levels left.
You didn't know any spells.
Your spell library was empty.

Dungeon Overview and Level Annotations

Branches:
Dungeon (8/15)             Temple (0/1) D:6         Ossuary (visited)
   Lair: D:8-11

Altars:
Dithmenos
Qazlal
Trog

Shops:
D:6 ?


Innate Abilities, Weirdness & Mutations

You reflexively headbutt those who attack you in melee.
You have a pair of horns on your head.
You are partially covered in large bone plates. (SH +4)
You have supernaturally acute eyesight. (SInv)
You possess an exceptional clarity of mind.
You are frail. (-10% HP)
You are somewhat resistant to further mutation.
You are covered in fur. (AC +1)


Message History

The electric eel shoots out a bolt of lightning at you!
The bolt of electricity hits you!
* * * LOW HITPOINT WARNING * * *
You see here a falchion.
The two-headed ogre hits you with a cursed +0 giant spiked club!
* * * LOW HITPOINT WARNING * * *
The two-headed ogre barely misses you.
You feel much better.
You hit the two-headed ogre.
The two-headed ogre is lightly wounded.
The two-headed ogre hits you with a cursed +0 giant spiked club!
* * * LOW HITPOINT WARNING * * *
You block the two-headed ogre's attack.
You slash the two-headed ogre! You headbutt the two-headed ogre.
The two-headed ogre is heavily wounded.
You hit the two-headed ogre but do no damage.
The two-headed ogre is heavily wounded.
You closely miss the hound. The hound bites you but does no damage.
The two-headed ogre hits you with a cursed +0 giant spiked club!!
You die...

##......;...... ###
##.............. ..#
#.....!......... ..#
#............#.# ..##
##............# ...##
##........)....##. ....#
#.)...............
#...###.........Oh...##.
#....##.........@...##
#...................#
#..########.............
#..# ###.###....... ...#
#.# ####.## ##.# #.# .#
#.# . #.# #.#


You could see a two-headed ogre and a hound.

Vanquished Creatures
  Harold (D:7)
  A two-headed ogre (D:8)
  Pikel (D:4)
  Eustachio (D:6)
  4 hogs (D:7)
  A human (D:7)
  Duvessa (D:4)
  2 ice beasts
  3 ogres
  A centaur (D:7)
  A big kobold (D:7)
  3 elf skeletons (D:7)
  A bullfrog (D:7)
  Dowan (D:4)
  16 killer bees (D:7)
  A howler monkey (D:7)
  2 crimson imps
  3 orc priests
  A jelly (D:5)
  2 hounds
  A bullfrog skeleton (D:6)
  3 orc wizards
  Crazy Yiuf (D:2)
  2 human skeletons (D:7)
  5 worker ants
  A hound zombie (D:5)
  3 mummies (Ossuary)
  7 adders
  A shadow imp (D:5)
  2 adder skeletons
  4 adder zombies (Ossuary)
  6 worms
  2 dart slugs
  6 leopard geckos
  22 orcs
  7 bats
  3 giant cockroaches
  7 goblins
  7 hobgoblins
  12 jackals
  A quokka (D:2)
  A ball python (D:1)
  6 frilled lizards
  A gnoll zombie (Ossuary)
  4 goblin zombies (Ossuary)
  A hobgoblin zombie (Ossuary)
  12 kobolds
  2 kobold zombies (Ossuary)
  2 orc zombies
  A quokka zombie (Ossuary)
  6 rats
  4 rat zombies (Ossuary)
190 creatures vanquished.

Vanquished Creatures (others)
  A slave (D:4)
  An orc wizard (D:4)
  A worker ant (D:4)
  A leopard gecko skeleton (D:4)
4 creatures vanquished.

Grand Total: 194 creatures vanquished

Notes
Turn   | Place    | Note
-------+----------+-------------------------------------------
     0 | D:1      | Dexcius the Minotaur Berserker began the quest for the Orb.
     0 | D:1      | Reached XP level 1. HP: 19/19 MP: 0/0
   236 | D:1      | Reached skill level 4 in Axes
   236 | D:1      | Reached XP level 2. HP: 27/27 MP: 1/1
   497 | D:1      | Reached ** piety under Trog
   497 | D:1      | Reached XP level 3. HP: 33/33 MP: 2/2
  1157 | D:2      | Found a runed translucent door.
  1158 | D:2      | Noticed Crazy Yiuf
  1166 | D:2      | Killed Crazy Yiuf
  1166 | D:2      | Reached skill level 5 in Axes
  1166 | D:2      | Reached XP level 4. HP: 21/41 MP: 3/3
  1849 | D:3      | Reached *** piety under Trog
  1933 | D:3      | Reached XP level 5. HP: 47/47 MP: 4/4
  2406 | D:4      | Noticed Dowan
  2407 | D:4      | Noticed Duvessa
  2419 | D:4      | Killed Duvessa
  2419 | D:4      | Reached skill level 6 in Axes
  2419 | D:4      | Reached XP level 6. HP: 55/55 MP: 5/5
  2424 | D:4      | Killed Dowan
  2424 | D:4      | Reached skill level 5 in Fighting
  2538 | D:4      | Noticed a slave
  2538 | D:4      | Noticed Pikel
  2539 | D:4      | Noticed a slave
  2539 | D:4      | Noticed a slave
  2540 | D:4      | Noticed a slave
  2550 | D:4      | Killed Pikel
  2550 | D:4      | Reached skill level 8 in Axes
  2550 | D:4      | Reached skill level 5 in Armour
  2550 | D:4      | Reached XP level 7. HP: 62/62 MP: 6/6
  2863 | D:4      | Found a bloodstained altar of Trog.
  2895 | D:4      | Reached skill level 9 in Axes
  2895 | D:4      | Reached XP level 8. HP: 70/70 MP: 7/7
  2908 | D:4      | Found a shadowy altar of Dithmenos.
  2922 | D:4      | Reached **** piety under Trog
  3269 | D:5      | Entered Level 5 of the Dungeon
  3457 | D:5      | Found a stormy altar of Qazlal.
  4127 | D:6      | Found a staircase to the Ecumenical Temple.
  4240 | D:6      | Found Elahatub's Magic Scroll Boutique.
  4284 | D:6      | Reached skill level 10 in Axes
  4405 | D:6      | Noticed Eustachio
  4412 | D:6      | Killed Eustachio
  4636 | D:7      | Reached XP level 9. HP: 42/79 MP: 8/8
  4648 | D:7      | Found a sand-covered staircase.
  4659 | Ossuary  | Entered an ossuary
  4996 | D:7      | Gained mutation: Armour fits poorly on your strangely
                  | shaped body. [potion of mutation]
  4996 | D:7      | Gained mutation: Your spells are a little harder to cast,
                  | but a little more powerful. [potion of mutation]
  4996 | D:7      | Gained mutation: You are partially covered in iridescent
                  | scales. (AC +2) [potion of mutation]
  4998 | D:7      | Lost mutation: Armour fits poorly on your strangely shaped
                  | body. [potion of mutation]
  4998 | D:7      | Lost mutation: Your spells are a little harder to cast, but
                  | a little more powerful. [potion of mutation]
  4998 | D:7      | Gained mutation: You are agile. (Dex +2) [potion of
                  | mutation]
  4998 | D:7      | Gained mutation: You possess an exceptional clarity of
                  | mind. [potion of mutation]
  4998 | D:7      | Gained mutation: You are weak. (Str -2) [potion of
                  | mutation]
  4998 | D:7      | Gained mutation: You are partially covered in large bone
                  | plates. (SH +4) [potion of mutation]
  4999 | D:7      | Lost mutation: You are weak. (Str -2) [potion of mutation]
  4999 | D:7      | Lost mutation: You are partially covered in iridescent
                  | scales. (AC +2) [potion of mutation]
  4999 | D:7      | Lost mutation: You are agile. (Dex +2) [potion of mutation]
  4999 | D:7      | Gained mutation: You are covered in fur. (AC +1) [potion of
                  | mutation]
  4999 | D:7      | Gained mutation: You have supernaturally acute eyesight.
                  | (SInv) [potion of mutation]
  4999 | D:7      | Gained mutation: You are frail. (-10% HP) [potion of
                  | mutation]
  4999 | D:7      | Gained mutation: You are somewhat resistant to further
                  | mutation. [potion of mutation]
  5145 | D:7      | Reached skill level 11 in Axes
  5229 | D:7      | Noticed Harold
  5246 | D:7      | Killed Harold
  5246 | D:7      | Reached skill level 12 in Axes
  5274 | D:7      | Reached ***** piety under Trog
  5553 | D:7      | Reached XP level 10. HP: 63/79 MP: 9/9
  5699 | D:7      | Reached skill level 13 in Axes
  6324 | D:8      | Noticed a two-headed ogre
  6332 | D:8      | Killed a two-headed ogre
  6340 | D:8      | Noticed a two-headed ogre
  6356 | D:8      | Slain by a two-headed ogre

Levels and vault maps discovered:
D:1:      dpeg_arrival_arbitrary_a, layout_basic, minmay_pentomino_s4
D:2:      layout_loops_ring, first_ration, uniq_crazy_yiuf_cottage
D:3:      layout_basic, serial_corexii_hall, chequers_hall_statues_y,
          corexii_hall_statues_i, chequers_hall_statues_wall_a
D:4:      layout_basic, lemuel_round_altar, grunt_dithmenos_smoke_and_mirrors,
          uniq_duvessa, uniq_pikel
D:5:      layout_basic, grunt_qazlal_clouds
D:6:      layout_basic, minmay_temple_entry_statues_fountains, serial_shops,
          nicolae_shop_waterfront, dk_rats_in_the_wall, uniq_eustachio
D:7:      layout_basic, nicolae_ossuary_entry_catacombs, grunt_livestock,
          corexii_item_surrounded_by_moat, uniq_harold
D:8:      layout_rooms, chequers_temple_overflow_minitemple, erik_lair_island,
          serial_shops, nicolae_shop_behind_doors, basic_altar, uniq_erica

Skill      XL: |  1  2  3  4  5  6  7  8  9 10 |
---------------+-------------------------------+-----
Axes           | 4 5 6 8 9 10 12 13 | 13.3
Fighting       | 4 5 6 7 8 |  8.5
Armour         | 3 4 5 7 9 |  9.7
Dodging        | 3 |  3.5
Stealth        | |  0.3

Action                   |  1- 3 |  4- 6 |  7- 9 | 10-12 || total
-------------------------+-------+-------+-------+-------++-------
Melee: Hand axe          |    85 |   117 |   111 |       ||   313
       Headbutt          |    12 |    17 |    56 |    11 ||    96
       War axe           |       |       |   136 |    60 ||   196
Invok: Berserk           |     1 |     2 |     2 |       ||     5
  Use: Potion            |       |     6 |     9 |     1 ||    16
       Scroll            |       |       |     6 |     1 ||     7
  Eat: Ration            |     1 |     2 |     4 |       ||     7
Armor: Chain mail        |    56 |    69 |   128 |    33 ||   286
Dodge: Dodged            |    40 |    52 |   108 |    44 ||   244
Block: Other             |       |       |    12 |    15 ||    27

Table legend:
 A = Non-vault XP
 B = Vault XP
 C = Vault XP percentage of total XP
 D = Non-vault monster count
 E = Vault monster count
 F = Vault count percentage of total count
                 A         B        C        D         E       F
            +---------+---------+-------+---------+---------+-------
      Total |    3897 |    3480 |  47.2 |     150 |      41 |  21.5
            +---------+---------+-------+---------+---------+-------
        D:1 |      44 |       4 |   8.3 |      24 |       3 |  11.1
        D:2 |      79 |      37 |  31.9 |      27 |       1 |   3.6
        D:3 |      80 |       0 |   0.0 |      25 |       0 |   0.0
        D:4 |     463 |     823 |  64.0 |      17 |       3 |  15.0
        D:5 |     480 |       0 |   0.0 |      14 |       0 |   0.0
        D:6 |     186 |     197 |  51.4 |      12 |       1 |   7.7
        D:7 |    1617 |    2328 |  59.0 |      29 |      12 |  29.3
        D:8 |     948 |       0 |   0.0 |       2 |       0 |   0.0
    Ossuary |       0 |      91 | 100.0 |       0 |      21 | 100.0
            +---------+---------+-------+---------+---------+-------
